Map: Rohana LE

Players

Ekelpack

  • Race: Zerg Zerg
  • Spawn Location: 9:00

Nyck

  • Race: Terran Terran
  • Spawn Location: 11:00

Karramba

  • Race: Zerg Zerg
  • Spawn Location: 3:00

Bigosu

  • Race: Protoss Protoss
  • Spawn Location: 5:00

VOD

Have the link to the VOD?

Description

Time

  • Played on: April 18, 2025, 4:21 p.m.
  • Length: 17:58
Show
View Real Time Build Order
Export as new Build Order

Ekelpack Zerg 

Build Orders: Hatch First 

Get SALT Encoding   

  12  0:00  Drone  
  13  0:12  Overlord  
  13  0:16  Drone  
  14  0:30  Drone x2  
  14  0:34  Drone  
  17  0:52  Hatchery  
  17  0:54  Drone  
  17  1:00  Extractor, Drone  
  17  1:10  Drone  
  18  1:18  Spawning Pool  
  17  1:19  Drone  
  18  1:31  Drone  
  19  1:38  Drone  
  20  1:51  Drone  
  21  2:03  Drone  
  21  2:06  Metabolic Boost, Queen  
  24  2:09  Queen  
  24  2:15  Overlord  
  26  2:18  Drone  
  26  2:21  Drone  
  28  2:33  Drone x2  
  28  2:36  Drone  
  31  2:39  Drone  
  32  2:44  Lair  
  32  2:51  Extractor  
  31  2:55  Drone x3  
  34  2:59  Zergling x2  
  35  3:06  Overlord  
  35  3:22  Drone, Overlord  
  35  3:26  Drone x3  
  39  3:28  Extractor  
  39  3:31  Drone x2  
  40  3:59  Extractor  
  40  4:00  Spire  
  40  4:02  Drone x3  
  41  4:03  Drone x2  
  41  4:06  Zergling x6  
  41  4:07  Zergling x4  
  41  4:08  Overlord  
  48  4:23  Queen  
  50  4:26  Overlord  
  50  4:27  Overlord  
  50  4:28  Zergling x6  
  50  4:29  Zergling x2  
  53  4:40  Overlord x2  
  53  5:12  Mutalisk  
  53  5:13  Mutalisk x7  
  69  5:16  Zerg Flyer Weapons Level 1  
  69  5:19  Drone  
  70  5:23  Hatchery  
  69  5:52  Zergling x8  
  69  5:53  Zergling x10  
  74  6:26  Mutalisk  
  74  6:27  Mutalisk x5  
  84  6:47  Hatchery  
  82  7:06  Zergling x2, Overlord x3  
  79  7:32  Mutalisk  
  79  7:33  Zergling x8  
  79  7:34  Zergling x6  
  85  7:44  Zergling x2  
  85  7:45  Zergling x4  
  85  7:46  Overlord  
  85  7:53  Drone  
  86  8:06  Drone x3  
  89  8:19  Drone x4  
  93  8:25  Zerg Flyer Weapons Level 2  
  93  8:30  Infestation Pit  
  93  8:33  Evolution Chamber  
  91  8:34  Evolution Chamber  
  91  8:39  Extractor  
  91  8:40  Extractor  
  88  8:44  Mutalisk x12  
  88  8:45  Mutalisk  
  114  9:01  Zergling x2  
  114  9:02  Zergling x16  
  123  9:08  Hive  
  123  9:16  Drone  
  123  9:17  Drone x2  
  126  9:28  Zerg Melee Weapons Level 1, Zerg Ground Armor Level 1  
  124  9:47  Overlord x2  
  124  9:48  Overlord x3  
  124  10:02  Overlord x2  
  108  10:42  Adrenal Glands  
  105  10:53  Ultralisk Cavern  
  104  11:03  Overlord  
  104  11:04  Overlord x2  
  104  11:25  Zerg Melee Weapons Level 2  
  104  11:26  Zerg Ground Armor Level 2  
  104  11:52  Ultralisk x2  
  104  11:53  Ultralisk x6  
  146  12:11  Ultralisk x2  
  158  12:20  Chitinous Plating  
  143  13:10  Hatchery  
  143  13:12  Ultralisk x2  
  160  13:13  Ultralisk, Zergling x12  
  166  13:39  Anabolic Synthesis  
  58  14:18  Ultralisk  
  58  14:19  Ultralisk x4  
  82  14:29  Zergling x6  
  82  14:30  Zergling x6  
  82  15:05  Ultralisk x2  
  82  15:06  Zergling x10  
  93  15:30  Ultralisk, Zergling x6  
  93  15:31  Zergling x2  
  103  15:39  Zergling x2  
  103  15:40  Zergling x6  
  106  15:43  Drone x2  
  108  15:50  Drone  
  89  16:21  Extractor  
  89  16:24  Extractor  
  86  16:43  Drone x3  
  62  17:13  Ultralisk x4  
  62  17:14  Zergling x4  
  62  17:15  Zergling x6  
Show
View Real Time Build Order
Export as new Build Order

Nyck Terran 

Build Orders: 2 Factory 

Get SALT Encoding   

  12  0:00  SCV  
  13  0:12  SCV  
  14  0:17  Supply Depot  
  14  0:24  SCV  
  15  0:38  SCV  
  15  0:40  Barracks  
  16  0:46  Refinery  
  16  0:51  SCV  
  17  1:03  SCV  
  18  1:15  SCV  
  19  1:21  Refinery  
  19  1:29  Reaper  
  19  1:30  Orbital Command  
  20  1:35  Barracks  
  20  1:56  SCV  
  20  1:59  Factory  
  21  2:08  SCV  
  22  2:09  Barracks Reactor  
  22  2:20  SCV  
  23  2:30  Supply Depot  
  23  2:47  Command Center  
  23  2:51  Marine x2  
  23  2:54  Barracks Reactor  
  23  2:57  Barracks  
  25  3:04  SCV  
  25  3:13  Factory  
  25  3:14  Factory Tech Lab  
  25  3:17  SCV  
  26  3:32  Marine x3  
  26  3:33  Marine  
  30  3:38  SCV  
  31  3:49  Supply Depot  
  31  3:59  SCV, Cyclone  
  31  4:02  Orbital Command  
  35  4:05  Marine  
  35  4:06  Marine  
  37  4:15  SCV  
  37  4:16  Marine x2  
  40  4:18  Barracks Tech Lab  
  40  4:22  Factory Reactor  
  40  4:27  SCV  
  40  4:28  Marine x2  
  38  4:41  SCV x2  
  40  4:49  Siege Tank  
  43  4:53  SCV x2  
  43  4:55  Marine x4  
  43  4:56  Combat Shield  
  43  4:58  Marine  
  52  5:00  Hellion  
  52  5:03  Hellion  
  54  5:17  Supply Depot  
  54  5:22  SCV x2  
  56  5:31  Infernal Pre-Igniter  
  56  5:34  SCV x2  
  58  5:44  Refinery  
  58  5:46  Refinery, SCV x2, Siege Tank  
  58  5:48  Hellion x2  
  58  5:49  Marine x2  
  67  5:50  Marine  
  70  6:02  Supply Depot  
  70  6:14  Command Center  
  70  6:23  SCV x2, Marine x2  
  74  6:27  Supply Depot  
  74  6:32  Siege Tank  
  77  6:33  Marine  
  78  6:49  SCV x2, Marine x3  
  59  6:54  Stimpack  
  83  7:01  SCV x2  
  83  7:14  Siege Tank  
  80  7:31  Marine x3  
  80  7:32  Marine x2  
  80  7:36  Orbital Command  
  85  7:40  Engineering Bay  
  84  7:46  Engineering Bay  
  84  7:48  Armory  
  79  8:00  Marine x3  
  79  8:01  Supply Depot, Marine x2  
  79  8:02  Siege Tank  
  87  8:17  Starport  
  87  8:18  Terran Infantry Weapons Level 1  
  87  8:19  Terran Infantry Armor Level 1  
  87  8:21  Marine x5  
  87  8:24  Hellion x2  
  96  8:32  Starport  
  96  8:36  Orbital Command, Armory  
  96  8:37  Terran Vehicle And Ship Armor Level 1  
  96  8:38  SCV x2  
  98  8:41  Marine  
  98  8:42  Marine x4  
  98  8:44  Siege Tank  
  98  8:48  Hellion  
  108  9:10  Starport Reactor  
  108  9:18  Supply Depot  
  108  9:25  Siege Tank, Medivac, Hellion x2  
  108  9:26  Terran Ship Weapons Level 1  
  117  9:32  Starport  
  117  9:39  SCV x3  
  117  9:40  Supply Depot, Marine x5  
  125  9:55  Medivac  
  127  10:02  Supply Depot  
  127  10:13  Supply Depot  
  127  10:18  Sensor Tower  
  127  10:23  SCV x3  
  127  10:25  Supply Depot  
  127  10:26  Medivac x3  
  127  10:27  Marine x4  
  127  10:28  Marine  
  141  10:30  Terran Infantry Weapons Level 2  
  141  10:33  Terran Infantry Armor Level 2  
  141  10:34  Terran Vehicle And Ship Armor Level 2  
  141  10:35  SCV x2  
  141  10:36  SCV  
  141  10:39  Supply Depot  
  144  10:47  SCV  
  144  10:48  SCV x2, Supply Depot  
  147  11:02  Supply Depot  
  147  11:06  Sensor Tower  
  147  11:11  Supply Depot  
  147  11:12  Starport Reactor  
  147  11:13  Starport Reactor x2  
  147  11:15  SCV  
  147  11:16  SCV x2  
  146  11:25  Supply Depot  
  146  11:28  Marine x3  
  146  11:29  Marine x2  
  151  11:34  Cyclone  
  151  11:36  Hellion x2  
  147  11:48  Supply Depot  
  147  11:56  SCV x2  
  149  12:06  Cyclone, Marine x3  
  149  12:07  Marine x2  
  149  12:08  SCV x2  
  159  12:09  Viking x5  
  159  12:10  Viking  
  159  12:13  Terran Ship Weapons Level 2  
  171  12:23  SCV x2  
  173  12:46  Viking x4  
  173  12:47  Viking x2  
  185  12:51  Terran Vehicle And Ship Armor Level 3  
  185  13:10  Command Center  
  185  13:16  Viking  
  187  13:26  Viking x2  
  191  13:27  Viking  
  193  14:03  Viking x2  
  197  14:15  Viking x2  
  185  14:24  Marine  
  185  14:27  Viking x2  
  102  15:34  Viking x4  
  102  15:35  Viking x2  
  102  15:53  Orbital Command  
  102  16:04  Viking  
  100  16:24  Viking x5  
  110  16:25  Marine  
  110  16:26  Marine x4  
  110  16:28  Hellion  
  114  16:34  Viking  
  114  16:35  SCV x3  
  114  16:39  Refinery  
  119  16:41  Refinery  
  119  16:43  Marine  
  119  16:44  Marine x2  
  117  16:54  Viking  
  93  17:12  Viking x5  
  91  17:24  Viking  
Show
View Real Time Build Order
Export as new Build Order

Karramba Zerg 

Build Orders: Hatch First 

Get SALT Encoding   

  12  0:00  Drone  
  13  0:12  Overlord  
  13  0:16  Drone  
  14  0:31  Drone x2  
  14  0:34  Drone  
  17  0:51  Hatchery  
  16  1:03  Spawning Pool  
  15  1:07  Drone  
  17  1:11  Drone  
  17  1:14  Extractor  
  17  1:16  Drone  
  17  1:20  Drone  
  18  1:33  Drone  
  19  1:40  Overlord  
  19  1:49  Queen  
  19  1:51  Zergling x2  
  22  2:02  Zergling x2  
  22  2:03  Drone  
  22  2:04  Queen  
  26  2:15  Drone x2  
  28  2:17  Metabolic Boost  
  28  2:23  Drone  
  29  2:42  Drone x2  
  29  2:43  Drone  
  32  2:49  Drone x2  
  34  2:54  Overlord  
  34  2:57  Hatchery  
  33  3:05  Zergling x2  
  33  3:08  Drone x2  
  35  3:16  Drone x5  
  35  3:18  Overlord  
  40  3:23  Zergling x4  
  42  3:32  Drone  
  43  3:36  Drone  
  43  3:40  Zergling x2  
  43  3:41  Zergling x4  
  47  3:44  Zergling x2  
  47  3:45  Zergling x2  
  49  3:48  Hatchery  
  49  3:51  Drone x3  
  51  3:57  Overlord  
  51  4:05  Overlord x2  
  51  4:08  Extractor, Queen  
  53  4:10  Extractor, Drone x4  
  55  4:17  Extractor, Overlord  
  55  4:18  Drone x2  
  55  4:19  Drone x2  
  55  4:22  Overlord  
  58  4:30  Zergling x4  
  57  4:35  Zergling x2  
  56  4:43  Zergling x10  
  56  4:44  Drone  
  62  4:47  Drone  
  62  4:50  Spine Crawler  
  62  4:59  Drone x3  
  65  5:01  Lair  
  65  5:03  Drone x2  
  67  5:08  Drone x6  
  67  5:12  Extractor x2  
  67  5:13  Drone x2  
  73  5:16  Drone  
  73  5:19  Drone x2  
  73  5:20  Drone  
  73  5:21  Drone  
  78  5:24  Queen  
  80  5:28  Hatchery  
  80  5:34  Drone x5  
  80  5:35  Drone  
  85  5:39  Drone x2  
  85  5:40  Drone x3  
  90  5:54  Evolution Chamber  
  90  5:56  Drone x6  
  95  5:57  Evolution Chamber  
  95  5:59  Evolution Chamber, Spore Crawler  
  95  6:01  Spore Crawler  
  91  6:04  Hatchery, Spore Crawler  
  91  6:05  Spore Crawler  
  91  6:07  Spore Crawler  
  91  6:10  Spore Crawler  
  86  6:15  Spire  
  81  6:28  Drone x2, Hydralisk Den  
  81  6:29  Drone x5  
  81  6:30  Drone  
  88  6:33  Spore Crawler  
  88  6:37  Drone x3  
  90  6:40  Extractor  
  90  6:41  Extractor, Drone x4  
  90  6:46  Drone  
  93  6:49  Drone x2  
  93  6:50  Drone x3  
  98  7:00  Spine Crawler  
  93  7:01  Spine Crawler  
  93  7:03  Spine Crawler  
  93  7:05  Spine Crawler  
  89  7:15  Queen x2  
  85  7:22  Hydralisk, Grooved Spines  
  85  7:23  Hydralisk x12  
  108  7:30  Spore Crawler  
  108  7:33  Drone x4  
  108  7:34  Drone x3  
  108  7:35  Drone  
  115  7:37  Overlord  
  115  7:38  Overlord  
  115  7:56  Drone  
  116  7:59  Zerg Missile Weapons Level 1  
  116  8:00  Hydralisk x7, Zerg Ground Armor Level 1  
  130  8:12  Zergling x2, Zerg Melee Weapons Level 1  
  131  8:13  Overlord  
  131  8:14  Overlord x3  
  131  8:30  Infestation Pit  
  131  8:31  Hydralisk, Queen  
  131  8:32  Hydralisk x7  
  131  8:33  Hydralisk  
  150  8:35  Overlord  
  150  8:39  Muscular Augments  
  150  8:41  Drone x3  
  150  8:42  Drone x2  
  150  8:44  Drone x2  
  150  8:45  Drone  
  150  8:48  Extractor, Drone x2  
  159  8:59  Drone  
  159  9:00  Drone  
  161  9:10  Hive  
  161  9:11  Baneling Nest, Neural Parasite  
  161  9:14  Drone x4, Burrow  
  161  9:16  Drone x2  
  161  9:17  Drone x5  
  167  9:21  Spore Crawler  
  167  9:22  Drone  
  171  9:25  Overlord x5  
  171  9:50  Zergling x10  
  176  9:56  Zergling x8  
  176  9:58  Zergling x8  
  184  10:01  Zerg Flyer Weapons Level 1, Centrifugal Hooks  
  184  10:05  Drone x2  
  184  10:06  Extractor  
  185  10:07  Extractor  
  185  10:11  Drone x3, Spore Crawler  
  185  10:12  Queen  
  185  10:14  Spore Crawler  
  187  10:16  Zerg Melee Weapons Level 2, Zerg Ground Armor Level 2, Zerg Missile Weapons Level 2  
  184  10:37  Drone x3  
  184  10:38  Overlord  
  184  10:41  Drone  
  184  10:42  Drone x2  
  183  10:55  Zergling x6  
  186  10:58  Ultralisk Cavern  
  186  10:59  Infestor x2  
  186  11:00  Infestor x3  
  188  11:41  Spore Crawler  
  187  11:50  Drone x2  
  187  11:53  Extractor  
  188  11:54  Spore Crawler  
  188  11:55  Extractor, Spore Crawler  
  188  11:57  Spore Crawler  
  184  12:06  Chitinous Plating  
  184  12:11  Drone  
  184  12:13  Drone x3  
  188  12:26  Hatchery  
  149  12:53  Ultralisk  
  149  12:54  Ultralisk x8  
  149  12:56  Ultralisk  
  197  13:03  Drone x2  
  197  13:04  Hatchery  
  198  13:09  Drone  
  199  13:24  Anabolic Synthesis  
  199  13:26  Hatchery  
  198  13:30  Hatchery  
  193  13:50  Drone x4  
  193  13:51  Spine Crawler  
  168  14:04  Spine Crawler  
  168  14:05  Spine Crawler  
  148  14:14  Hydralisk  
  148  14:15  Hydralisk x19  
  148  14:16  Hydralisk x12  
  200  14:18  Infestor x3  
  200  14:20  Zerg Missile Weapons Level 3, Zerg Melee Weapons Level 3, Zerg Ground Armor Level 3  
  194  14:29  Drone  
  194  14:30  Drone x3  
  198  14:42  Drone x2  
  188  15:09  Hydralisk  
  188  15:10  Hydralisk x7  
  187  15:31  Hydralisk  
  187  15:32  Hydralisk x7  
  187  15:33  Hydralisk x3  
  199  15:40  Drone  
  188  15:51  Hydralisk x5  
  188  15:52  Hydralisk x4  
  189  16:09  Ultralisk x2  
  189  16:10  Ultralisk x2  
  183  16:19  Drone x2  
  183  16:21  Drone  
  183  16:22  Drone x8  
  183  16:23  Drone  
  158  16:48  Drone x4  
  158  16:49  Drone x3  
  143  17:18  Hatchery, Drone x2  
  143  17:19  Drone  
  143  17:20  Drone  
  143  17:21  Drone x8  
  184  17:37  Overlord x5  
Show
View Real Time Build Order
Export as new Build Order

Bigosu Protoss 

Build Orders: Nexus First, Carriers 

Get SALT Encoding   

  12  0:00  Probe  
  13  0:12  Probe  
  14  0:41  Nexus  
  14  0:49  Pylon  
  14  0:52  Probe  
  15  1:05  Probe  
  15  1:10  Gateway  
  16  1:13  Probe  
  17  1:19  Assimilator  
  17  1:21  Probe  
  18  1:29  Probe  
  18  1:37  Probe  
  20  1:48  Assimilator, Probe  
  20  1:49  Probe  
  22  1:58  Probe  
  22  1:59  Zealot  
  22  2:00  Probe  
  25  2:08  Probe  
  27  2:20  Probe  
  28  2:26  Zealot  
  30  2:32  Probe  
  30  2:42  Cybernetics Core  
  30  2:44  Probe x2  
  32  2:52  Probe  
  32  2:54  Zealot, Probe  
  32  2:56  Nexus  
  36  2:59  Pylon  
  36  3:02  Probe  
  36  3:10  Pylon, Probe  
  37  3:16  Gateway  
  37  3:18  Stalker  
  40  3:28  Shield Battery  
  40  3:32  Probe  
  41  3:36  Probe  
  42  3:42  Pylon  
  42  3:44  Probe  
  42  3:47  Probe  
  43  3:50  Shield Battery  
  43  3:53  Probe  
  43  3:55  Twilight Council  
  44  4:01  Probe  
  46  4:04  Zealot  
  46  4:05  Probe x2  
  50  4:13  Zealot, Probe x2  
  54  4:17  Probe  
  54  4:23  Probe  
  55  4:25  Probe  
  55  4:29  Probe  
  58  4:34  Probe  
  58  4:35  Forge  
  59  4:39  Pylon  
  59  4:40  Protoss Air Weapons Level 1  
  59  4:42  Assimilator, Probe  
  59  4:45  Charge  
  59  4:46  Assimilator  
  59  4:47  Probe  
  59  4:49  Probe  
  59  4:51  Probe  
  62  4:54  Stalker  
  62  4:59  Probe  
  66  5:01  Probe  
  66  5:03  Gateway  
  66  5:04  Probe  
  66  5:05  Gateway  
  68  5:09  Photon Cannon  
  68  5:11  Probe  
  69  5:16  Probe  
  69  5:17  Zealot  
  69  5:19  Protoss Ground Weapons Level 1  
  72  5:23  Probe  
  72  5:25  Zealot  
  72  5:26  Forge  
  75  5:31  Probe  
  75  5:33  Pylon  
  75  5:34  Pylon  
  76  5:39  Probe  
  76  5:44  Zealot  
  76  5:48  Zealot  
  79  5:50  Probe  
  79  5:51  Zealot  
  79  5:53  Zealot  
  79  5:55  Gateway  
  86  5:59  Photon Cannon  
  84  6:08  Stalker  
  84  6:09  Zealot  
  83  6:18  Zealot  
  85  6:20  Zealot  
  84  6:27  Probe  
  84  6:31  Probe  
  85  6:35  Probe  
  85  6:39  Probe  
  87  6:40  Photon Cannon  
  87  6:42  Photon Cannon  
  87  6:45  Shield Battery, Stalker, Probe  
  87  6:46  Stalker  
  88  6:47  Photon Cannon  
  88  6:48  Probe  
  88  6:51  Blink  
  88  6:52  Stalker x2  
  88  6:54  Sentry  
  94  6:57  Probe  
  94  6:58  Pylon  
  101  7:05  Pylon  
  101  7:07  Nexus  
  101  7:10  Pylon  
  101  7:16  Probe x2  
  101  7:19  Stalker x2  
  107  7:28  Probe x2  
  109  7:33  Pylon  
  109  7:36  Pylon  
  109  7:39  Pylon  
  109  7:40  Probe  
  72  7:52  Probe  
  72  7:53  Stalker x4  
  75  7:59  Photon Cannon  
  75  8:01  Stalker  
  75  8:05  Photon Cannon  
  79  8:15  Photon Cannon  
  79  8:16  Probe  
  79  8:17  Shield Battery  
  80  8:22  Protoss Ground Weapons Level 2  
  80  8:23  Protoss Shields Level 1  
  80  8:24  Probe  
  81  8:34  Probe  
  81  8:36  Assimilator  
  81  8:40  Assimilator x2  
  82  8:42  Assimilator  
  82  8:43  Photon Cannon  
  82  8:45  Photon Cannon  
  82  8:46  Photon Cannon, Probe  
  83  8:49  Pylon  
  83  8:50  Stalker x2  
  83  8:52  Shield Battery  
  83  8:53  Stalker x2  
  87  9:02  Stargate  
  91  9:04  Probe  
  92  9:12  Probe  
  93  9:18  Probe  
  93  9:22  Probe  
  94  9:26  Probe  
  96  9:34  Probe  
  96  9:36  Probe  
  95  9:45  Stalker x3  
  93  9:46  Probe  
  93  9:48  Probe  
  101  9:58  Probe  
  101  9:59  Templar Archives  
  102  10:00  Probe  
  102  10:01  Probe  
  102  10:07  Fleet Beacon  
  104  10:09  Probe  
  104  10:10  Probe  
  104  10:12  Probe  
  107  10:18  Stargate  
  107  10:19  Stargate, Probe, Void Ray  
  111  10:24  Probe  
  113  10:31  Probe  
  114  10:36  Probe  
  114  10:38  High Templar x2  
  114  10:41  High Templar x2  
  125  10:43  Probe  
  125  10:47  Carrier  
  125  10:49  Nexus  
  124  10:50  Pylon  
  124  10:53  Pylon  
  130  10:58  Pylon  
  130  11:06  Gateway  
  130  11:08  Gateway  
  130  11:10  Protoss Air Weapons Level 2  
  130  11:15  Carrier  
  130  11:21  Protoss Ground Weapons Level 3  
  130  11:22  Protoss Shields Level 2  
  136  11:35  Archon  
  134  11:43  Probe  
  132  11:51  Probe  
  132  12:01  Probe  
  133  12:03  Probe  
  133  12:04  Archon  
  133  12:08  Carrier x2  
  135  12:11  Probe  
  135  12:13  Probe  
  137  12:21  Probe  
  149  12:23  Nexus  
  149  12:25  Pylon, Probe  
  149  12:27  Pylon  
  149  12:29  Stargate, Pylon  
  151  12:30  Carrier, Pylon  
  151  12:33  Probe  
  151  12:34  Robotics Facility  
  156  12:37  High Templar x2  
  162  12:45  Probe  
  163  13:06  Photon Cannon  
  163  13:07  Stargate  
  163  13:08  Photon Cannon, Pylon  
  163  13:10  Photon Cannon  
  163  13:11  Stargate x2, Immortal  
  163  13:13  Pylon  
  163  13:16  Zealot x3, Pylon  
  169  13:22  Archon  
  169  13:26  Carrier, Tempest  
  183  13:31  Probe  
  183  13:34  Tempest  
  183  13:39  Shield Battery, Probe  
  188  13:42  Shield Battery  
  188  13:43  Pylon  
  188  13:44  Assimilator  
  188  13:45  Assimilator  
  189  13:49  Probe  
  189  13:50  Immortal  
  193  14:01  Probe  
  182  14:13  Probe  
  179  14:28  Tempest x2  
  179  14:30  Immortal  
  191  14:33  Tempest x2  
  159  15:25  Carrier  
  159  15:26  Carrier  
  141  15:30  Stalker x4  
  147  15:36  Carrier  
  147  15:42  Stalker  
  159  15:43  Tempest x2, Immortal  
  173  15:57  Stalker  
  173  15:58  Tempest  
  175  16:13  Immortal  
  175  16:16  Unknown  
  179  16:30  Carrier  
  185  16:40  Carrier  
  185  16:44  Probe  
  191  16:52  Immortal  
  191  16:53  Probe  
  195  17:02  Probe  
  196  17:15  Probe  
  193  17:21  Zealot x3  
  199  17:27  Probe  
Tags
 
Add a new tag
Caveats
  • Supply blocks, unpowered buildings, or Contaminate may cause inaccurate times.
  • Supply counts are checked every 10 seconds.